 Dungeon Crawl Stone Soup version 0.26.0-11-g8f856b5395 (console) character file.

Game seed: 12803294280821056069

154708 jejorda2 the Marksvampire (level 17, 0/128 HPs)
             Began as a Vampire Berserker on Jan 14, 2021.
             Was a High Priest of Trog.
             Slain by a spark wasp (15 damage)
             ... on level 4 of the Spider Nest on Jan 15, 2021.
             The game lasted 02:11:13 (33673 turns).

jejorda2 the Marksvampire (Vampire Berserker)      Turns: 33673, Time: 02:11:14

Health: 0/128      AC: 39    Str: 21    XL:     17   Next: 7%
Magic:  6/17       EV:  9    Int: 13    God:    Trog [*****.]
Gold:   2233       SH:  0    Dex: 14    Spells: 16/16 levels left

rFire    + + +     SeeInvis +   a - +6 triple sword
rCold    . . .     Faith    +   (shield currently unavailable)
rNeg     . . .     Spirit   .   O - +11 chain mail "Zautzy" {rPois Regen+ Slay+6}
rPois    +         Reflect  .   u - +2 helmet of the Untouchables {rF+++ rC- Int+2}
rElec    .         Harm     .   F - scarf {rC+ rF+}
rCorr    .         Rampage  .   v - +1 pair of gloves {archery}
Will     +++..                  J - +2 pair of boots {run}
Stlth    ..........             E - amulet of faith
HPRegen  1.91/turn              Q - +4 ring of protection
MPRegen  0.15/turn              g - +4 ring of protection

@: regenerating, quick
A: fangs 3, see invisible, unbreathing
a: Exsanguinate, Renounce Religion, Berserk, Trog's Hand, Brothers in Arms


You were on level 4 of the Spider Nest.
You worshipped Trog.
Trog was extremely pleased with you.
You visited 4 branches of the dungeon, and saw 27 of its levels.
You also visited: Trove, Sewer, Ossuary and Ice Cave.

You collected 3870 gold pieces.
You spent 1637 gold pieces at shops.

Inventory:

Hand Weapons
 a - a +6 triple sword (weapon)
 b - a +0 longbow
 m - the +2 shortbow "Xucewn" {vorpal, rElec Will++}
   (You found it on level 4 of the Lair of Beasts)

   Any arrow fired from it inflicts extra damage.
   It insulates you from electricity.
   It affects your willpower, your defense against some magical effects.
 H - a +3 great sword of flaming
 W - a +3 antimagic quick blade
Missiles
 d - 2 throwing nets
 r - 5 curare-tipped darts
 I - 252 arrows
 K - 15 javelins
 L - 25 poisoned darts (quivered)
Armour
 u - the +2 helmet of the Untouchables (worn) {rF+++ rC- Int+2}
   (You found it in a treasure trove)

   It affects your intelligence (+2).
   It renders you almost immune to fire.
   It makes you vulnerable to cold.
 v - a +1 pair of gloves of archery (worn)
 F - a scarf of resistance (worn)
 J - a +2 pair of boots of running (worn)
 O - the +11 chain mail "Zautzy" (worn) {rPois Regen+ Slay+6}
   (You bought it in a shop on level 15 of the Dungeon)

   It affects your accuracy and damage with ranged weapons and melee attacks
   (+6).
   It protects you from poison.
   It increases your rate of regeneration.
Jewellery
 g - a +4 ring of protection (right hand)
 D - an uncursed ring of protection from cold
 E - an amulet of faith (around neck)
 Q - a +4 ring of protection (left hand)
Wands
 c - a wand of acid (26)
 n - a wand of disintegration (23)
 x - a wand of digging (8)
 y - a wand of iceblast (41)
 A - a wand of enslavement (8)
 R - a wand of flame (37)
 V - a wand of paralysis (27)
Scrolls
 e - 2 scrolls of fog
 h - 3 scrolls of magic mapping
 i - 13 scrolls of remove curse
 j - 17 scrolls of teleportation
 p - 4 scrolls of blinking
 q - 9 scrolls of identify
 w - 2 scrolls of enchant weapon
 z - 8 scrolls of fear
Potions
 f - 6 potions of flight
 l - 7 potions of haste
 o - 6 potions of attraction
 s - 5 potions of resistance
 t - 14 potions of curing
 B - 6 potions of heal wounds
 C - a potion of mutation
 G - 5 potions of might
 M - 4 potions of cancellation
 N - 2 potions of invisibility
 U - 3 potions of ambrosia
Miscellaneous
 k - a tin of tremorstones (1/2)


   Skills:
 - Level 10.0 Fighting
 - Level 9.5(13.5) Short Blades
 * Level 14.2(15.0) Long Blades
 + Level 17.2 Bows
 - Level 10.0 Armour
 - Level 2.1 Dodging
 - Level 5.0 Evocations


You had 16 spell levels left.
You didn't know any spells.
Your spell library was empty.

Dungeon Overview and Level Annotations

Branches:
Dungeon (15/15)            Temple (0/1) D:5            Lair (6/6) D:10
  Swamp (0/4) Lair:4       Spider (4/4) Lair:2        Slime (0/5) Lair:6
    Orc (2/2) D:10            Elf (0/3) Orc:2        Vaults (0/5) D:13
 Depths (0/5) D:15          Sewer (visited)         Ossuary (visited)
  IceCv (visited)

Altars:
Elyvilon
Gozag
Kikubaaqudgha
Ru
Uskayaw
Zin
Beogh
Jiyva

Shops:
D:11 :   D:15 [   Orc:2 [*:(


Innate Abilities, Weirdness & Mutations

Your natural rate of healing is unusually fast.
You have razor-sharp teeth.
You have supernaturally acute eyesight. (SInv)
You can survive without breathing.


Message History

The jumping spider leaps!
A redback comes into view.
Unknown command.
Your troll goes berserk!
The wolf spider hits you but does no damage.
The wolf spider bites you but does no damage.
The redback bites you but does no damage.
The spark wasp stings you but does no damage.
A moth of wrath comes into view.
The ghost moth stares at you.
You feel your power leaking away.
An emperor scorpion comes into view.
A wolf spider comes into view.
The jumping spider leaps!
The wolf spider hits you!
* * * LOW HITPOINT WARNING * * *
The wolf spider bites you.
* * * LOW HITPOINT WARNING * * *
The spark wasp stings you!
* * * LOW HITPOINT WARNING * * *
The spark wasp shocks you!
You die...

##.#....^≈#..##
###^....^#^##
##^.^.≈####
#..#.#≈#
##^.^...#
#^.....^#
##^...T..#
#^.....y.#
#s.^○.ss@#
#.^...ss##
##^..sss#
##.^.†s#
#....s#
sy.....#
..#.....y^ .
#...s.#.(
......#...


You could see 2 emperor scorpions, a ghost moth (invisible), a spark wasp, 2
wolf spiders, a moth of wrath, a jumping spider, a tarantella, 6 redbacks and a
friendly troll (summoned, berserk).

Vanquished Creatures
  Kirke (Spider:1)
  The ghost of Rod Caur the Severer, an adept HOFi of Beogh (Spider:3)
  Agnes (Spider:4)
  Roxanne (Spider:1)
  A frost giant (IceCv)
  3 orc warlords
  2 ghost moths
  Aizul (Spider:4)
  An emperor scorpion (Spider:4)
  An ironheart preserver (D:13)
  A dire elephant (Lair:6)
  5 entropy weavers
  Snorg (D:11)
  Josephine (D:11)
  A boulder beetle (D:15)
  7 hydras
  A centaur warrior (D:13)
  4 catoblepae
  A death knight (D:15)
  An ogre mage (D:13)
  A two-headed ogre (Orc:1)
  Urug (Lair:3)
  8 death yaks
  A tengu warrior (D:14)
  An orc high priest (Orc:2)
  Nergalle (D:11)
  3 skeletal warriors
  2 unseen horrors
  A glowing orange brain (D:15)
  A glowing orange brain (shapeshifter) (D:15)
  12 orb spiders
  A phantasmal warrior (D:15)
  2 deep elf magi (D:14)
  An orc knight (Orc:2)
  13 wolf spiders
  7 ugly things
  4 orc sorcerers
  An oklob plant (Lair:1)
  5 cyclopes
  2 elephants (Lair:6)
  3 manticores
  Joseph (D:8)
  An ice statue (IceCv)
  6 black mambas
  3 torpor snails
  Psyche (D:12)
  13 cane toads
  4 centaur skeletons
  A rime drake (shapeshifter) (D:15)
  An efreet (D:15)
  7 demonic crawlers
  3 rime drakes
  13 komodo dragons
  A tengu conjurer (D:14)
  A queen bee (shapeshifter) (D:15)
  11 trolls
  3 meliai (Spider:1)
  19 polar bears
  Grinder (D:5)
  27 jumping spiders
  9 blink frogs
  The ghost of Nolbo the Changer, an amateur OpTm of Elyvilon (D:6)
  A hornet (shapeshifter) (D:14)
  8 hornets
  9 slime creatures
  A meliai zombie (D:12)
  10 dream sheep
  Sigmund (D:2)
  2 vampires
  57 redbacks
  2 shadows
  21 tarantellas
  10 wyverns
  4 hogs (Spider:1)
  6 wraiths
  84 yaks
  4 basilisks
  Grum (D:9)
  Menkaure (D:6)
  A steam dragon (Lair:3)
  A warg (Orc:2)
  13 water moccasins
  Duvessa (D:5)
  An acid dragon (shapeshifter) (D:15)
  2 soldier ants
  Purgy (Sewer)
  An eye of draining (D:14)
  5 phantoms
  8 sky beasts
  2 ice beasts
  37 orc warriors
  6 black bears
  2 necrophages
  18 ogres
  49 wolves
  5 centaurs
  4 big kobolds
  2 elf zombies (D:5)
  23 bullfrogs
  Dowan (D:5)
  3 scorpions
  11 wights
  5 electric eels
  2 howler monkeys
  5 centaur zombies
  A bullfrog zombie (D:6)
  2 quasits
  7 jellies
  22 orc priests
  Crazy Yiuf (D:3)
  7 hounds
  A bullfrog skeleton (D:12)
  A gnoll shaman (D:7)
  Terence (D:3)
  3 human skeletons (D:5)
  3 iguanas
  37 orc wizards
  11 worker ants
  A killer bee zombie (D:6)
  2 big kobold zombies (Ossuary)
  2 hound zombies
  A hound skeleton (D:5)
  6 mummies (Ossuary)
  A killer bee simulacrum (D:8)
  A worker ant zombie (D:7)
  9 gnolls
  18 adders
  3 shadow imps
  6 white imps
  An ufetubus (D:8)
  An ooze (D:3)
  An adder zombie (D:7)
  An adder skeleton (D:9)
  4 worms
  An adder simulacrum (D:8)
  A dart slug (D:3)
  9 leopard geckos
  78 orcs
  4 bats
  4 giant cockroaches
  7 goblins
  9 hobgoblins
  16 jackals
  6 quokkas
  4 ball pythons
  5 frilled lizards
  3 hobgoblin zombies (Ossuary)
  A jackal skeleton (D:5)
  32 kobolds
  An orc skeleton (D:5)
  A quokka skeleton (D:6)
  A quokka zombie (D:6)
  7 rats
1010 creatures vanquished.

Vanquished Creatures (collateral kills)
  A hydra (Lair:2)
  5 two-headed ogres (D:13)
  A death yak (Lair:6)
  3 orc knights (Orc:2)
  2 manticores
  2 trolls
  7 yaks (Lair:1)
  2 wargs (Orc:2)
  10 orc warriors
  3 ogres
  An eye of draining (D:6)
  4 wights (D:13)
  6 orc wizards
  5 orc priests
  18 orcs
70 creatures vanquished.

Vanquished Creatures (others)
  A sky beast (D:5)
  A wolf (IceCv)
  43 fungi
  26 plants
71 creatures vanquished.

Grand Total: 1151 creatures vanquished

Notes
Turn   | Place    | Note
-------+----------+-------------------------------------------
     0 | D:1      | jejorda2 the Vampire Berserker began the quest for the Orb.
     0 | D:1      | Reached XP level 1. HP: 17/17 MP: 1/1
    79 | D:1      | Reached XP level 2. HP: 23/23 MP: 2/2
   508 | D:1      | Reached XP level 3. HP: 29/29 MP: 3/3
   910 | D:2      | Noticed Sigmund
   922 | D:2      | Killed Sigmund
   922 | D:2      | Reached ** piety under Trog
   923 | D:2      | Reached XP level 4. HP: 37/37 MP: 4/4
   923 | D:2      | Reached XP level 5. HP: 42/42 MP: 5/5
  1812 | D:3      | Reached XP level 6. HP: 48/48 MP: 6/6
  1923 | D:3      | Found a glowing drain.
  1932 | Sewer    | Entered a sewer
  1955 | Sewer    | Noticed Purgy
  1962 | Sewer    | Killed Purgy
  2339 | D:3      | Noticed Terence
  2347 | D:3      | Killed Terence
  2376 | D:3      | Reached *** piety under Trog
  2507 | D:3      | Found a runed translucent door.
  2508 | D:3      | Noticed Crazy Yiuf
  2519 | D:3      | Killed Crazy Yiuf
  2843 | D:4      | Reached XP level 7. HP: 51/54 MP: 7/7
  2854 | D:4      | Reached skill level 5 in Short Blades
  3470 | D:5      | Entered Level 5 of the Dungeon
  3512 | D:5      | Reached **** piety under Trog
  3579 | D:5      | Found a sand-covered staircase.
  3586 | Ossuary  | Entered an ossuary
  3638 | Ossuary  | Reached XP level 8. HP: 52/61 MP: 8/8
  3665 | Ossuary  | Reached skill level 5 in Fighting
  4062 | D:5      | Found a staircase to the Ecumenical Temple.
  4302 | D:5      | Noticed Grinder
  4318 | D:5      | Killed Grinder
  4451 | D:5      | Noticed Duvessa
  4453 | D:5      | Noticed Dowan
  4462 | D:5      | Killed Duvessa
  4480 | D:5      | Killed Dowan
  4646 | D:5      | Reached skill level 5 in Armour
  4685 | D:5      | Reached XP level 9. HP: 57/69 MP: 9/9
  5406 | D:6      | Reached ***** piety under Trog
  5597 | D:6      | Reached skill level 1 in Bows
  5613 | D:6      | Found a runed translucent gate.
  5614 | D:6      | Found a runed translucent gate.
  5614 | D:6      | Found an opulent altar of Gozag.
  5624 | D:6      | Found a runed translucent gate.
  5626 | D:6      | Noticed Nolbo's ghost (amateur OpTm)
  5715 | D:6      | Noticed Menkaure
  5721 | D:6      | Killed Menkaure
  5726 | D:6      | Reached skill level 2 in Bows
  6290 | D:6      | Reached skill level 3 in Bows
  6376 | D:6      | Killed Nolbo's ghost
  6377 | D:6      | Reached skill level 4 in Bows
  6561 | D:7      | Reached skill level 5 in Bows
  6970 | D:7      | Reached XP level 10. HP: 75/76 MP: 10/10
  7126 | D:7      | Received a gift from Trog
  7383 | D:8      | Noticed Joseph
  7401 | D:8      | Killed Joseph
  7727 | D:8      | Reached skill level 6 in Bows
  7968 | D:8      | Noticed a death yak
  7998 | D:8      | Killed a death yak
  8080 | D:8      | Reached skill level 7 in Bows
  8288 | D:8      | You fall into a shaft and drop 2 floors!
  8288 | D:10     | Entered Level 10 of the Dungeon
  8781 | D:9      | Noticed Grum
  8805 | D:9      | Received a gift from Trog
  8810 | D:9      | Killed Grum
  9095 | D:9      | Reached XP level 11. HP: 84/84 MP: 11/11
  9495 | D:9      | Found a sacrificial altar of Ru.
  9733 | D:10     | Found a staircase to the Orcish Mines.
  9829 | D:10     | Reached skill level 8 in Bows
 10127 | D:10     | Noticed a skeletal warrior
 10155 | D:10     | Killed a skeletal warrior
 10285 | D:10     | Noticed an unseen horror
 10292 | D:10     | Killed an unseen horror
 10552 | D:10     | Found a staircase to the Lair.
 10738 | Lair:1   | Entered Level 1 of the Lair of Beasts
 10816 | Lair:1   | Noticed an oklob plant
 10842 | Lair:1   | Killed an oklob plant
 10843 | Lair:1   | Reached skill level 9 in Bows
 11081 | Lair:1   | Noticed a six-headed hydra
 11092 | Lair:1   | Killed a six-headed hydra
 11307 | Lair:1   | Reached XP level 12. HP: 73/94 MP: 12/12
 11390 | Lair:1   | Noticed a five-headed hydra
 11399 | Lair:1   | Killed a five-headed hydra
 11424 | Lair:1   | Reached skill level 10 in Bows
 12166 | Lair:2   | Found a hole to the Spider Nest.
 12244 | Lair:2   | Noticed a five-headed hydra
 12257 | Lair:2   | Killed a five-headed hydra
 12589 | Lair:2   | Noticed a four-headed hydra
 12601 | Lair:2   | Killed a four-headed hydra
 12791 | Lair:2   | Reached skill level 11 in Bows
 13484 | Lair:3   | Received a gift from Trog
 13659 | Lair:3   | Noticed Urug
 13682 | Lair:3   | Killed Urug
 13683 | Lair:3   | Reached skill level 10 in Fighting
 13683 | Lair:3   | Reached XP level 13. HP: 42/103 MP: 13/13
 14865 | Lair:3   | Reached skill level 12 in Bows
 15192 | Lair:4   | Found a frozen archway.
 15214 | IceCv    | Entered an ice cave
 15334 | IceCv    | Reached skill level 10 in Armour
 15953 | IceCv    | Reached skill level 13 in Bows
 16073 | IceCv    | Noticed a frost giant
 16100 | IceCv    | Killed a frost giant
 16193 | IceCv    | Identified Fuecuaqu's Volume of the Frostbite
 16533 | Lair:4   | Found a staircase to the Swamp.
 16612 | Lair:4   | Got a crude shortbow
 16612 | Lair:4   | Identified the cursed +2 shortbow "Xucewn" {vorpal, rElec
                  | Will++} (You found it on level 4 of the Lair of Beasts)
 17027 | Lair:5   | Found an ancient bone altar of Kikubaaqudgha.
 17053 | Lair:4   | Reached skill level 1 in Evocations
 18088 | Lair:5   | Reached XP level 14. HP: 88/110 MP: 14/14
 18154 | Lair:5   | Identified a scroll of acquirement
 18154 | Lair:5   | Acquired 748 gold pieces
 18348 | Lair:5   | Received a gift from Trog
 18534 | Lair:5   | Reached skill level 14 in Bows
 19021 | Lair:6   | Entered Level 6 of the Lair of Beasts
 19894 | Lair:6   | Found a viscous altar of Jiyva.
 19894 | Lair:6   | Found a staircase to the Slime Pits.
 20198 | Lair:6   | Found a glowing silver altar of Zin.
 20635 | Lair:6   | Reached skill level 5 in Evocations
 20635 | Lair:6   | Paralysed by a hornet for 2 turns
 20901 | Lair:6   | Reached skill level 15 in Bows
 21212 | D:11     | Noticed Snorg
 21223 | D:11     | Found Eshreff's Book Shop.
 21247 | D:11     | Killed Snorg
 21360 | D:11     | Noticed Josephine
 21392 | D:11     | Killed Josephine
 21400 | D:11     | Received a gift from Trog
 21416 | D:11     | Got a scorched rapier {god gift}
 21417 | D:11     | Identified the +7 rapier of Tyorghud {vorpal, +Fly rN+}
                  | (Trog gifted it to you on level 11 of the Dungeon)
 21625 | D:11     | Noticed Nergalle
 21672 | D:11     | Killed Nergalle
 21673 | D:11     | Reached skill level 5 in Long Blades
 22513 | D:12     | Noticed Psyche
 22516 | D:12     | Killed Psyche
 22922 | D:12     | Reached XP level 15. HP: 115/115 MP: 15/15
 23063 | Orc:1    | Entered Level 1 of the Orcish Mines
 23213 | Orc:2    | Entered Level 2 of the Orcish Mines
 23350 | Orc:2    | Noticed an orc warlord
 23400 | Orc:1    | Killed an orc warlord
 23514 | Orc:1    | Reached ****** piety under Trog
 23960 | Orc:2    | Noticed an orc warlord
 23993 | Orc:2    | Killed an orc warlord
 24180 | Orc:2    | Found a staircase to the Elven Halls.
 24251 | Orc:2    | Received a gift from Trog
 24750 | Orc:2    | Noticed an orc warlord
 24904 | Orc:2    | Killed an orc warlord
 25048 | Orc:2    | Found a roughly hewn altar of Beogh.
 25111 | Orc:2    | Found Won Dou's Antique Weapon Emporium.
 25127 | Orc:2    | Found Wimepp's General Store.
 25144 | Orc:2    | Found Liyps's Antique Armour Emporium.
 25149 | Orc:2    | Found Hetiyvu's Book Emporium.
 25848 | D:13     | Received a gift from Trog
 25965 | D:13     | Reached skill level 16 in Bows
 26139 | D:13     | Found a hide-covered altar of Uskayaw.
 26464 | D:13     | Found a gate to the Vaults.
 26612 | D:13     | Found a portal to a secret trove of treasure.
 27042 | D:13     | You paid a toll of a +4 demon whip to enter a treasure
                  | trove
 27043 | Trove    | Entered a treasure trove
 27061 | Trove    | Got a translucent helmet
 27071 | Trove    | Identified the +2 helmet of the Untouchables {rF+++ rC-
                  | Int+2} (You found it in a treasure trove)
 27110 | Trove    | Got a pair of shimmering gloves
 27120 | Trove    | Identified the +4 pair of gloves of Woepp {rF+ Regen+
                  | Int+4} (You found it in a treasure trove)
 27132 | Trove    | Got a ruby-studded ring mail
 27142 | Trove    | Identified the +1 ring mail of Patterns {Stlth+} (You found
                  | it in a treasure trove)
 27157 | Trove    | Got a bloodstained chain mail
 27167 | Trove    | Identified the +3 chain mail "Qisuilie" {rF- rCorr Str+9
                  | Stlth+} (You found it in a treasure trove)
 27179 | Trove    | Identified a +1 pair of boots of running (You found it in a
                  | treasure trove)
 27482 | D:14     | Found a white marble altar of Elyvilon.
 27908 | D:14     | Received a gift from Trog
 28561 | D:15     | Entered Level 15 of the Dungeon
 28607 | D:15     | Reached skill level 10 in Long Blades
 28929 | D:15     | Found a staircase to the Depths.
 29162 | D:15     | Reached XP level 16. HP: 90/122 MP: 16/16
 29292 | D:15     | Found Mask's Antique Armour Emporium.
 29610 | Spider:1 | Entered Level 1 of the Spider Nest
 29828 | D:15     | Bought a shimmering chain mail for 275 gold pieces
 29828 | D:15     | Bought a faintly glowing chain mail for 275 gold pieces
 29828 | D:15     | Bought a warped plate armour for 812 gold pieces
 29828 | D:15     | Bought a twisted chain mail for 275 gold pieces
 29839 | D:15     | Identified the +8 chain mail of the Slorg {rN++ Will+} (You
                  | bought it in a shop on level 15 of the Dungeon)
 29849 | D:15     | Identified the +6 chain mail "Vinwolah" {-Tele Rampage
                  | rElec} (You bought it in a shop on level 15 of the Dungeon)
 29860 | D:15     | Identified the +11 chain mail "Zautzy" {rPois Regen+
                  | Slay+6} (You bought it in a shop on level 15 of the
                  | Dungeon)
 29870 | D:15     | Identified the +7 plate armour of Patterns {rCorr Int+4}
                  | (You bought it in a shop on level 15 of the Dungeon)
 30143 | Spider:1 | Noticed Kirke
 30149 | Spider:1 | Noticed a sphinx
 30167 | Spider:1 | Killed Kirke
 30261 | Spider:1 | Noticed Roxanne
 30301 | Spider:1 | Killed Roxanne
 30602 | Spider:2 | You fall into a shaft and drop 1 floor!
 30606 | Spider:3 | Found a runed translucent door.
 30607 | Spider:3 | Noticed Rod Caur's ghost (adept HOFi)
 30619 | Spider:3 | Received a gift from Trog
 30825 | Spider:3 | Killed Rod Caur's ghost
 32308 | Spider:4 | Entered Level 4 of the Spider Nest
 32404 | Spider:4 | Received a gift from Trog
 32428 | Spider:4 | Noticed Agnes
 32442 | Spider:4 | Killed Agnes
 32486 | Spider:4 | Reached skill level 17 in Bows
 32912 | Spider:4 | Received a gift from Trog
 33284 | Spider:4 | Noticed Aizul
 33298 | Spider:4 | Killed Aizul
 33299 | Spider:4 | Reached XP level 17. HP: 79/128 MP: 17/17
 33673 | Spider:4 | Slain by a spark wasp

Illustrated notes

Levels and vault maps discovered:
D:1:      dpeg_arrival_arbitrary_a, layout_basic
D:2:      layout_loops_ring, minmay_pentomino_u4, uniq_sigmund
D:3:      layout_loops_ring, portal_sewer_entry_d, uniq_crazy_yiuf_cottage,
          uniq_terence
D:4:      layout_basic
D:5:      minmay_chambers_of_threes, layout_loops_corners,
          minmay_temple_entry_grid, nicolae_ossuary_entry_catacombs,
          hangedman_decor_points, uniq_grinder, uniq_duvessa
D:6:      layout_gridville, ebering_ghost_gozag, minmay_misc_feat_tower,
          abandoned_shop, uniq_menkaure
D:7:      layout_loops_ring
D:8:      layout_gridville, serial_ice, serial_ice_f, serial_ice_h,
          serial_ice_a, serial_ice_i, uniq_joseph
D:9:      layout_basic, nicolae_ru_the_path_less_chosen, minmay_variable_closet,
          uniq_grum
D:10:     kennysheep_ambush_hall, layout_loops_ring, lair_entry_dummy
D:11:     layout_gridville, serial_shops, shop_fountains, uniq_josephine,
          uniq_nergalle, uniq_snorg
D:12:     layout_roguey, uniq_psyche
D:13:     layout_basic, skrybe_vaults_entry_preservation, basic_altar,
          enter_trove_6, chequers_hall_statues_y
D:14:     layout_cave_pods, hangedman_decor_push, elyvilon_altar_5
D:15:     gammafunk_enter_depths_forms, layout_rooms,
          chequers_serial_rivers_marsh, serial_glass, glass_columns_b,
          glass_columns_a, serial_shops, shop
Lair:1:   layout_small_grid, serial_bayou_shore_b, infiniplex_staircase_pool,
          minmay_lair_oklob_chamber
Lair:2:   layout_loops_ring, spider_nest_entry_webs, grunt_megastairs_3,
          lemuel_fruit_fields
Lair:3:   layout_regular_city, grunt_forest_small_clearings, uniq_urug
Lair:4:   layout_cellular_growth, minmay_swamp_entry_eels,
          portal_ice_cave_entry_pillars_1
Lair:5:   layout_roguey, basic_altar, beast_lair_carwin_4
Lair:6:   hangedman_lair_in_review, layout_cave_pods, slime_altar_1,
          basic_altar, cheibrodos_lair_lostbears, grunt_megastairs_1,
          infiniplex_staircase_pool_2
Spider:1: layout_spider_delve, drop_trap, uniq_roxanne, uniq_kirke
Spider:2: layout_spider_delve
Spider:3: layout_spider_delve, gammafunk_ghost_grave, drop_trap
Spider:4: grunt_spider_rune_parallel, uniq_aizul, uniq_agnes
Orc:1:    layout_caves
Orc:2:    grunt_orc_cross, layout_caves

Skill      XL: |  1  2  3  4  5  6  7  8  9 10 11 12 13 14 15 16 |
---------------+-------------------------------------------------+-----
Fighting       | 3 4 6 7 8 10 | 10.0
Armour         | 2 3 4 5 6 7 8 9 10 | 10.0
Short Blades   | 3 4 6 8 9 |  9.5
Bows           | 5 7 9 11 13 15 16 17 | 17.2
Evocations     | 2 5 |  5.0
Long Blades    | 5 10 14 | 14.2
Dodging        | |  2.1

Action                   |  1- 3 |  4- 6 |  7- 9 | 10-12 | 13-15 | 16-18 || total
-------------------------+-------+-------+-------+-------+-------+-------++-------
Melee: Falchion          |    82 |       |       |       |       |       ||    82
       Bite              |    11 |    19 |    57 |   156 |   349 |    48 ||   640
       Dagger            |     5 |   142 |   458 |   979 |  1858 |       ||  3442
       Long sword        |       |       |    21 |       |       |       ||    21
       Quick blade       |       |       |       |    30 |    35 |    32 ||    97
       Scimitar          |       |       |       |       |    20 |       ||    20
       Great sword       |       |       |       |       |   284 |   274 ||   558
       Triple sword      |       |       |       |       |       |    53 ||    53
 Fire: Longbow           |       |       |       |    26 |   369 |   211 ||   606
       Shortbow          |       |       |       |       |     6 |       ||     6
Throw: Stone             |     3 |       |    21 |    33 |       |       ||    57
       Dart              |       |       |       |    12 |     1 |       ||    13
Invok: Berserk           |     2 |     1 |     3 |     7 |    11 |     5 ||    29
       Trog's Hand       |       |       |     2 |     2 |     5 |     6 ||    15
       Brothers in Arms  |       |       |     1 |     2 |     5 |     2 ||    10
Evoke: Wand              |       |       |       |     1 |    21 |       ||    22
       Tin of tremorston |       |       |       |       |       |     1 ||     1
  Use: Scroll            |       |    12 |     9 |     5 |    14 |     3 ||    43
       Potion            |       |       |       |       |       |     1 ||     1
 Stab: Petrified         |       |       |       |       |     1 |       ||     1
Armor: Animal skin       |    13 |     6 |       |       |       |       ||    19
       Chain mail        |       |    27 |   155 |   346 |  1131 |   698 ||  2357
       Plate armour      |       |       |       |       |   138 |    39 ||   177
Dodge: Dodged            |    45 |    47 |   131 |   283 |   791 |   283 ||  1580
       Rpst.: Falchion   |    15 |       |       |       |       |       ||    15
       Long sword        |       |       |     1 |       |       |       ||     1
       Scimitar          |       |       |       |       |     3 |       ||     3
       Great sword       |       |       |       |       |    36 |    45 ||    81
       Triple sword      |       |       |       |       |       |     7 ||     7
